 Dungeon Crawl Stone Soup version 0.22.1-6-g1668fe2c40 (webtiles) character file.

69 Kohma the Changer (level 4, 0/35 HPs)
             Began as a Draconian Transmuter on Jan 28, 2019.
             Slain by an adder (3 damage)
             ... on level 2 of the Dungeon.
             The game lasted 00:03:47 (937 turns).

Kohma the Changer (Draconian Transmuter)             Turns: 937, Time: 00:03:48

Health: 0/35       AC:  5    Str: 12    XL:     4   Next: 2%
Magic:  2/7        EV: 12    Int: 14    God:
Gold:   60         SH:  0    Dex: 12    Spells: 4/7 levels left

rFire    . . .     SeeInvis .     - Unarmed
rCold    . . .     Gourm    .   (no shield)
rNeg     . . .     Faith    .   (armour unavailable)
rPois    .         Spirit   .   (helmet restricted)
rElec    .         Reflect  .   (no cloak)
rCorr    .         Harm     .   (no gloves)
MR       .....                  (boots currently unavailable)
Stlth    +.........             (no amulet)
HPRegen  0.11/turn              (no ring)
MPRegen  0.10/turn              (no ring)

@: appendage
A: unfitting armour, talons 3, cold-blooded, AC +5
a: End Transformation


You were on level 2 of the Dungeon.
You were hungry.
You had grown temporary talons.
You visited 1 branch of the dungeon, and saw 2 of its levels.

You collected 60 gold pieces.

Inventory:

Missiles
 a - 7 arrows
 l - 87 stones (quivered)
Jewellery
 n - an uncursed ring of ice {unknown}
 o - an uncursed amulet of magic regeneration {unknown}
Scrolls
 b - a scroll of immolation {unknown}
 d - 2 scrolls of blinking {unknown}
 i - 3 scrolls of remove curse {unknown}
 j - a scroll of identify {unknown}
Potions
 e - 3 potions of curing
 f - a potion of cancellation
 g - a potion of heal wounds {unknown}
 h - a potion of flight {unknown}
 k - a potion of agility {unknown}
 m - a potion of might {unknown}
 q - a potion of lignification {unknown}
Comestibles
 c - 2 rations
 p - 3 chunks of flesh


   Skills:
 - Level 1.1 Fighting
 - Level 1.7 Dodging
 - Level 3.0 Unarmed Combat
 - Level 2.0 Spellcasting
 + Level 4.3 Transmutations


You had 4 spell levels left.
You knew the following spells:

 Your Spells              Type           Power        Failure   Level  Hunger
a - Beastly Appendage     Tmut           ##....       4%          1    ##.....
b - Sticks to Snakes      Tmut           ##......     6%          2    ###....

Your spell library contained the following spells:

 Spells                   Type           Power        Failure   Level  Hunger
 Spider Form              Tmut/Pois      #.........   28%         3    ####...
 Ice Form                 Ice/Tmut       #.......     67%         4    #####..
 Blade Hands              Tmut           ##........   73%         5    ######.


Dungeon Overview and Level Annotations

Branches:
Dungeon (2/15)

Altars:


Innate Abilities, Weirdness & Mutations

Your plain brown scales are hard. (AC +5)
You cannot fit into any form of body armour.
You are cold-blooded and may be slowed by cold attacks.
You have claws for feet.


Message History

You hit the hound.
You kill the hound!
Your Transmutations skill increases to level 4!
You have reached level 4!
You feel agile.
Okay, then.
It was a potion of cancellation.
You feel magically purged. The adder misses you. The adder closely misses you.
Casting: Sticks to Snakes (safe; 6% risk of failure)
Confirm with . or Enter, or press ? or * to list all spells.
Your feet morph into talons.
The adder closely misses you. The adder closely misses you.
You see here a club.
The adder bites you but does no damage. The adder bites you.
* * * LOW HITPOINT WARNING * * *
The adder bites you but does no damage.
There is a stone staircase leading up here.
The adder bites you.
You die...

......##......#
.....##......#
#.......#
#.......#
#.......# .#
#.......# #.##
#.......+ ...
##.....รท###.#
#####@.....###
#S###....#
#........#......#
#..##....#.$..?.#
##.##w...#......#
#..#....#......#
##w#....#......#
#.)....#......#
##............#


You could see a worm and an adder.

Vanquished Creatures
  A hound (D:2)
  An adder (D:2)
  A dart slug (D:1)
  A leopard gecko (D:1)
  A giant cockroach (D:1)
  2 goblins (D:1)
  3 hobgoblins (D:1)
  4 jackals (D:1)
  A quokka (D:2)
  3 bats
  A frilled lizard (D:1)
  2 kobolds (D:1)
  A rat (D:1)
22 creatures vanquished.

Vanquished Creatures (collateral kills)
  A hobgoblin (D:2)
  A ball python (D:1)
  A rat (D:2)
3 creatures vanquished.

Grand Total: 25 creatures vanquished

Notes
Turn   | Place    | Note
-------+----------+-------------------------------------------
     0 | D:1      | Kohma the Draconian Transmuter began the quest for the Orb.
     0 | D:1      | Reached XP level 1. HP: 16/16 MP: 3/3
    73 | D:1      | Reached XP level 2. HP: 6/23 MP: 3/5
    84 | D:1      | Reached skill level 3 in Transmutations
   341 | D:1      | Learned a level 2 spell: Sticks to Snakes
   900 | D:2      | Reached XP level 3. HP: 19/28 MP: 1/6
   923 | D:2      | Reached skill level 4 in Transmutations
   923 | D:2      | Reached XP level 4. HP: 6/35 MP: 1/7
   937 | D:2      | Slain by an adder

Skill      XL: |  1  2  3 |
---------------+----------+-----
Transmutations | 3 4 |  4.3
Fighting       | |  1.1
Dodging        | |  1.7
Unarmed Combat | |  3.0
Spellcasting   | |  2.0

Action                   |  1- 3 |  4- 6 || total
-------------------------+-------+-------++-------
Melee: Unarmed           |    90 |       ||    90
       Tailslap          |     7 |       ||     7
       Headbutt          |     8 |       ||     8
 Cast: Beastly Appendage |    13 |     1 ||    14
       Sticks to Snakes  |     5 |       ||     5
  Use: Potion            |     1 |     1 ||     2
Armor: Skin              |    35 |     2 ||    37
Dodge: Dodged            |    87 |     4 ||    91
